Map: Catalyst LE

Players

Sadistik - Winner!

  • Race: Terran Terran
  • Spawn Location: 11:00

opawnako

  • Race: Terran Terran
  • Spawn Location: 5:00

VOD

Have the link to the VOD?

Description

Time

  • Played on: July 6, 2018, 7:32 p.m.
  • Length: 9:40
Show
View Real Time Build Order
Export as new Build Order

Sadistik Terran - Winner!

Build Orders: Reaper Expand, MMM Bio 

Get SALT Encoding   

  12  0:00  SCV  
  13  0:13  SCV  
  14  0:18  Supply Depot  
  14  0:25  SCV  
  15  0:41  Refinery  
  15  0:45  Barracks  
  15  0:49  SCV  
  16  1:01  SCV  
  17  1:13  SCV  
  18  1:31  Orbital Command  
  18  1:33  Reaper  
  18  1:37  Supply Depot  
  19  2:00  SCV  
  20  2:02  Command Center  
  20  2:09  Refinery  
  20  2:16  Marine  
  20  2:21  SCV  
  22  2:30  Factory  
  22  2:38  Marine  
  22  2:56  SCV  
  22  2:57  Marine  
  24  3:15  Widow Mine  
  24  3:16  Orbital Command  
  25  3:22  SCV  
  26  3:34  Barracks Tech Lab  
  26  3:36  Bunker  
  26  3:46  Factory Reactor  
  26  3:49  SCV x2  
  28  3:56  Starport  
  28  3:59  Engineering Bay  
  28  4:00  Engineering Bay  
  28  4:01  Stimpack, Marine  
  29  4:09  SCV x2, Barracks  
  31  4:20  Marine  
  32  4:24  Hellion  
  32  4:25  Hellion  
  32  4:26  SCV  
  32  4:27  SCV  
  32  4:30  Terran Infantry Weapons Level 1  
  38  4:35  Medivac  
  40  4:39  Terran Infantry Armor Level 1  
  40  4:41  SCV x2  
  40  4:44  Marine  
  43  4:50  Hellion  
  45  4:56  Hellion  
  45  4:58  Supply Depot  
  47  5:00  Supply Depot  
  47  5:06  Barracks Tech Lab  
  47  5:14  Marine  
  47  5:17  SCV  
  47  5:18  SCV  
  50  5:23  Supply Depot  
  50  5:32  Starport Reactor  
  50  5:36  SCV x2  
  50  5:42  Marine  
  53  5:46  Siege Tank  
  53  5:47  Marine x2  
  50  6:07  Marine  
  50  6:08  Marauder, Marine  
  50  6:09  Medivac x2  
  58  6:26  Siege Tank  
  58  6:27  Marine x2  
  58  6:28  Command Center  
  58  6:30  Marauder  
  65  6:33  Armory  
  65  6:37  Barracks  
  65  6:41  Medivac  
  65  6:44  SCV x2  
  69  6:51  Refinery  
  69  6:52  Supply Depot, Marine x2  
  73  6:54  Marauder  
  73  7:02  Combat Shields  
  73  7:14  Medivac  
  75  7:22  SCV x2  
  77  7:23  Refinery  
  77  7:35  SCV  
  77  7:36  SCV, Starport  
  79  7:41  Supply Depot  
  79  7:48  Orbital Command  
  79  7:56  Marine x2  
  79  7:57  Barracks Reactor  
  81  7:59  Marauder, Siege Tank  
  81  8:00  Medivac  
  88  8:07  Supply Depot  
  88  8:09  SCV x2  
  90  8:21  Marine x2  
  90  8:25  Barracks  
  92  8:28  Starport Tech Lab  
  92  8:39  SCV x3  
  95  8:44  Refinery  
  95  8:47  Supply Depot  
  95  8:51  SCV x3  
  98  8:58  Marine  
  98  8:59  Marine x3  
  102  9:17  Marine  
  102  9:18  Marine x3  
  102  9:19  Barracks Tech Lab  
Show
View Real Time Build Order
Export as new Build Order

opawnako Terran 

Build Orders:  

Get SALT Encoding   

  12  0:01  SCV  
  13  0:13  SCV  
  14  0:22  Supply Depot  
  14  0:25  SCV  
  15  0:44  SCV  
  15  0:46  Refinery  
  16  0:56  SCV  
  17  0:57  Barracks  
  17  1:08  SCV  
  18  1:20  SCV  
  19  1:32  SCV  
  20  1:44  SCV  
  21  1:50  Refinery  
  21  1:53  Supply Depot  
  21  2:04  Factory  
  21  2:11  Marine  
  22  2:24  Supply Depot, Orbital Command  
  22  2:29  Marine  
  23  2:47  Marine  
  24  2:52  Factory  
  22  2:58  Starport  
  20  3:13  Marine  
  21  3:26  Factory Tech Lab  
  21  3:31  Marine  
  22  3:37  Starport  
  22  3:40  Starport  
  22  3:46  Factory Tech Lab  
  22  4:06  Fusion Core  
  22  4:11  SCV  
  23  4:20  Starport Tech Lab x2  
  23  4:21  Starport Tech Lab  
  23  4:23  SCV  
  24  4:35  SCV  
  25  4:41  Siege Tank  
  28  4:47  SCV  
  29  4:59  SCV  
  30  5:05  Siege Tank  
  33  5:12  SCV  
  34  5:33  Command Center  
  33  5:51  Siege Tank x2  
  39  6:04  SCV  
  40  6:16  SCV  
  41  6:51  Marine  
  42  7:01  SCV  
  43  7:08  Marine  
  43  7:11  Supply Depot  
  43  7:12  Supply Depot  
  43  7:13  SCV  
  43  7:15  Supply Depot  
  45  7:25  SCV, Refinery  
  45  7:26  Marine  
  45  7:29  Refinery  
  47  7:37  SCV  
  47  7:41  Siege Tank x2  
  54  7:44  Marine  
  54  7:50  SCV  
  57  7:54  Orbital Command  
  56  8:02  SCV, Marine  
  58  8:14  SCV, Battlecruiser  
  65  8:26  SCV  
  66  8:38  SCV  
  79  9:10  Command Center  
Tags
 
Composition
MMM Bio
Matchup
TvT
Race
Terran
Spawn Locations
Cross Positions
Add a new tag
Caveats
  • Supply blocks, unpowered buildings, or Contaminate may cause inaccurate times.
  • Supply counts are checked every 10 seconds.